 Dungeon Crawl Stone Soup version 0.22-a0-293-gc9362ec (webtiles) character file.

10077 grindst0ne the Fighter (level 11, -1/93 HPs)
             Began as a Demonspawn Gladiator on Mar 24, 2018.
             Was an Elder of Qazlal.
             Slain by a manticore (15 damage)
             ... on level 11 of the Dungeon.
             The game lasted 00:21:47 (11360 turns).

grindst0ne the Fighter (Demonspawn Gladiator)      Turns: 11360, Time: 00:21:48

Health: -1/93      AC:  9    Str: 16    XL:     11   Next: 31%
Magic:  17/17      EV: 12    Int: 12    God:    Qazlal [****..]
Gold:   411        SH: 24    Dex: 14    Spells: 10/10 levels left

rFire    + . .     SeeInvis .   U - +1 double sword (elec)
rCold    . . .     Gourm    .   z - +1 large shield {rF+}
rNeg     . . .     Faith    .   y - +2 leather armour {MR+}
rPois    .         Spirit   .   (helmet restricted)
rElec    .         Reflect  .   (no cloak)
rCorr    +         Harm     .   E - +0 pair of gloves
MR       +....                  P - +1 pair of boots
Stlth    +.........             (no amulet)
HPRegen  0.25/turn              D - ring of wizardry
MPRegen  0.15/turn              m - ring of resist corrosion

@: repel missiles
A: antennae 2, large bone plates 1, demonic guardian 1, powered by death 1
a: Upheaval, Elemental Force, Renounce Religion


You were on level 11 of the Dungeon.
You worshipped Qazlal.
Qazlal was greatly pleased with you.
You were not hungry.

You visited 1 branch of the dungeon, and saw 11 of its levels.

You collected 699 gold pieces.
You spent 288 gold pieces at shops.

Inventory:

Hand Weapons
 a - a +0 dagger of venom
 b - a +0 blowgun
 p - a +0 war axe
 G - a +0 whip of venom
 S - a +2 scimitar of flaming
 U - a +1 double sword of electrocution (weapon)
Missiles
 d - 10 throwing nets (quivered)
 u - 31 poisoned needles
Armour
 y - a +2 leather armour of magic resistance (worn)
 z - a +1 large shield of fire resistance (worn)
 E - a +0 pair of gloves (worn)
 H - a +2 leather armour of positive energy
 M - a +0 plate armour
 P - a +1 pair of boots (worn)
 V - a +2 chain mail of cold resistance
Jewellery
 e - an uncursed ring of flight
 m - a ring of resist corrosion (right hand)
 n - an uncursed ring of magical power
 D - a ring of wizardry (left hand)
 I - a +3 ring of dexterity {unknown}
 T - an uncursed amulet of the gourmand {unknown}
Wands
 h - a wand of random effects (43)
 A - a wand of disintegration (9)
 J - a wand of iceblast (9)
 N - a wand of flame (31)
 Q - a wand of paralysis (15)
 Y - a wand of digging (4)
Scrolls
 c - 2 scrolls of blinking {unknown}
 k - a scroll of immolation
 o - 2 scrolls of magic mapping
 q - a scroll of random uselessness {unknown}
 s - 3 scrolls of amnesia
 t - 3 scrolls of teleportation
 v - 7 scrolls of remove curse
 R - 4 scrolls of identify
 W - 2 scrolls of enchant armour {unknown}
 X - 3 scrolls of fog {unknown}
Potions
 g - 2 potions of might
 i - 2 potions of flight {unknown}
 j - 2 potions of mutation {unknown}
 l - 3 potions of haste
 r - a potion of brilliance {unknown}
 w - a potion of cancellation {unknown}
 x - a potion of berserk rage {unknown}
 B - 7 potions of curing
 C - a potion of ambrosia {unknown}
 F - a potion of invisibility {unknown}
 K - a potion of resistance
 Z - a potion of agility
Miscellaneous
 O - a box of beasts
Comestibles
 f - 28 rations
 L - 6 chunks of flesh


   Skills:
 - Level 11.0 Fighting
 + Level 1.4 Long Blades
 - Level 2.6 Axes
 - Level 1.7 Throwing
 + Level 6.4 Armour
 + Level 7.1 Dodging
 + Level 6.2 Shields
 - Level 9.0 Invocations


You had 10 spell levels left.
You didn't know any spells.

Dungeon Overview and Level Annotations

Branches:
Dungeon (11/15)            Temple (0/1) D:7            Lair (0/6) D:8
    Orc (0/2) D:10

Altars:
Cheibriados
Elyvilon
Fedhas
Kikubaaqudgha
Makhleb
Nemelex Xobeh
Okawaru
Qazlal
Ru
Uskayaw
Wu Jian
Xom
Yredelemnul
Zin

Shops:
D:4 (   D:7 [   D:8 [   D:9 %

Portals:
Trove: D:10 (show abyssal rune of Zot)


Innate Abilities, Weirdness & Mutations

You have a pair of antennae on your head.
You are partially covered in large bone plates. (SH +4)
A weak demonic guardian rushes to your aid.
You regenerate a little health from kills.


Message History

The bullfrog hits your iron imp.
Your iron imp dies!
The manticore bites you. The manticore claws you! The manticore misses you.
You block the manticore's attack. x2; The manticore claws you!
* * * LOW HITPOINT WARNING * * *
The bullfrog hits you but does no damage.
You feel better. You block the bullfrog's attack.
The manticore closely misses you. The manticore claws you!
* * * LOW HITPOINT WARNING * * *
The manticore claws you!
* * * LOW HITPOINT WARNING * * *
Okay, then.
Aiming: Upheaval
Press: ? - help, Dir - move target cursor, f - manticore
Aim: a manticore (almost dead) That beam is likely to hit you.
Continue anyway?
Okay, then.
Okay, then.
You feel better. You block the bullfrog's attack. The manticore bites you!
You die...

... ... .# ... .. #.# .#
#.# .# #.# .# #H# .# #.
#@# .# #.########F#
.######.....[..ยง.########
........................#
.######..........########
.# #..........# .#
#..........# .#
#..........# .#
#..........#


You could see a manticore and a bullfrog.

Vanquished Creatures
  Harold (D:10)
  A two-headed ogre (D:10)
  Urug (D:10)
  Nergalle (D:10)
  An ugly thing (D:11)
  An efreet (D:10)
  A troll (D:9)
  A hornet (D:11)
  Grinder (D:5)
  2 dream sheep (D:8)
  2 hippogriffs
  A wraith (D:10)
  2 yaks (D:8)
  Grum (D:10)
  A hungry ghost (D:10)
  Menkaure (D:5)
  A soldier ant (D:10)
  An ice beast (D:8)
  3 phantoms
  4 orc warriors
  2 hornet zombies
  4 wolves
  3 ogres
  2 centaurs
  3 big kobolds
  5 bullfrogs
  5 killer bees (D:10)
  2 scorpions
  2 howler monkeys (D:7)
  A crimson imp (D:10)
  2 quasits
  A centaur zombie (D:5)
  A gnoll shaman (D:10)
  2 hounds
  2 jellies
  An orc priest (D:10)
  A centaur skeleton (D:6)
  5 orc wizards
  3 iron imps (D:8)
  Ijyb (D:4)
  2 iguanas
  Natasha (thrice) (D:4)
  5 worker ants
  10 adders
  5 gnolls (D:10)
  2 shadow imps (D:10)
  An adder zombie (D:7)
  An adder skeleton (D:8)
  2 worms (D:3)
  2 dart slugs (D:3)
  4 leopard geckos
  31 orcs
  4 giant cockroaches
  13 goblins
  16 hobgoblins
  5 jackals
  15 kobolds
  4 quokkas
  7 bats
  A frilled lizard (D:4)
  A quokka zombie (D:5)
  12 rats
  A butterfly (D:5)
223 creatures vanquished.

Vanquished Creatures (collateral kills)
  A hydra (D:8)
  A centaur skeleton (D:11)
  A troll (D:11)
  Edmund (D:4)
  An acid dragon (D:8)
  A water moccasin (D:9)
  A black bear (D:9)
  An ice beast (D:7)
  2 ogres (D:4)
  4 big kobolds
  2 bullfrogs (D:6)
  A howler monkey (D:7)
  A hound (D:5)
  An orc wizard (D:10)
  A hound zombie (D:9)
  2 adders
  8 orcs
  A ball python (D:3)
  7 kobolds
38 creatures vanquished.

Grand Total: 261 creatures vanquished

Notes
Turn   | Place    | Note
-------+----------+-------------------------------------------
     0 | D:1      | grindst0ne the Demonspawn Gladiator began the quest for the Orb.
     0 | D:1      | Reached XP level 1. HP: 16/16 MP: 1/1
   410 | D:1      | Gained mutation: You are partially covered in large bone plates. (SH +4) [demonic ancestry]
   410 | D:1      | Reached XP level 2. HP: 23/23 MP: 2/2
   501 | D:1      | Reached skill level 3 in Fighting
  1111 | D:2      | Gained mutation: A weak demonic guardian rushes to your aid. [demonic ancestry]
  1111 | D:2      | Reached XP level 3. HP: 26/29 MP: 3/3
  1240 | D:2      | Reached skill level 4 in Fighting
  1411 | D:2      | Found a white marble altar of Elyvilon.
  1519 | D:2      | Gained mutation: You have a pair of small antennae on your head. [demonic ancestry]
  1519 | D:2      | Reached XP level 4. HP: 34/38 MP: 4/4
  1604 | D:2      | Found an ancient bone altar of Kikubaaqudgha.
  1605 | D:2      | Found an ornate altar of the Wu Jian Council.
  1773 | D:3      | Found a stormy altar of Qazlal.
  1976 | D:3      | Found a snail-covered altar of Cheibriados.
  2179 | D:3      | Reached skill level 5 in Fighting
  2483 | D:3      | Found an iron altar of Okawaru.
  2559 | D:3      | Became a worshipper of Qazlal Stormbringer
  2857 | D:4      | Found Kakykief's Antique Weapon Shop.
  2869 | D:4      | Reached XP level 5. HP: 37/44 MP: 5/5
  2892 | D:4      | Noticed Natasha
  2898 | D:4      | Killed Natasha
  3056 | D:4      | Noticed an ogre
  3065 | D:4      | Killed an ogre
  3065 | D:4      | Reached skill level 6 in Fighting
  3249 | D:4      | Noticed Edmund
  3271 | D:4      | Killed Edmund
  3271 | D:4      | Reached XP level 6. HP: 28/53 MP: 6/6
  3492 | D:4      | Found a basalt altar of Yredelemnul.
  3505 | D:4      | Noticed Natasha
  3520 | D:4      | Killed Natasha
  3520 | D:4      | Reached skill level 7 in Fighting
  3571 | D:4      | Noticed Natasha
  3580 | D:4      | Killed Natasha
  3709 | D:4      | Gained mutation: You have a pair of antennae on your head. [demonic ancestry]
  3709 | D:4      | Reached XP level 7. HP: 54/61 MP: 7/7
  3892 | D:4      | Found a stormy altar of Qazlal.
  3896 | D:4      | Noticed Ijyb
  3909 | D:4      | Killed Ijyb
  4128 | D:5      | Entered Level 5 of the Dungeon
  4131 | D:5      | Noticed Menkaure
  4142 | D:5      | Killed Menkaure
  4142 | D:5      | Reached skill level 8 in Fighting
  4441 | D:5      | Found a blossoming altar of Fedhas.
  4621 | D:5      | Found a shimmering altar of Xom.
  4792 | D:5      | Noticed Grinder
  4810 | D:5      | Paralysed by Grinder for 6 turns
  4821 | D:5      | Killed Grinder
  4821 | D:5      | Reached skill level 9 in Fighting
  5424 | D:6      | Found a hide-covered altar of Uskayaw.
  5424 | D:6      | Found a glowing silver altar of Zin.
  5487 | D:6      | Reached XP level 8. HP: 51/71 MP: 8/8
  5639 | D:6      | Found a sparkling altar of Nemelex Xobeh.
  5850 | D:6      | Reached skill level 10 in Fighting
  5955 | D:7      | Reached * piety under Qazlal
  5972 | D:7      | HP: 1/73 [orc/club (5)]
  6399 | D:7      | Noticed a hippogriff
  6410 | D:7      | Killed a hippogriff
  6410 | D:7      | Reached skill level 1 in Armour
  6410 | D:7      | Reached skill level 1 in Invocations
  6530 | D:7      | Found a sacrificial altar of Ru.
  6664 | D:7      | Found Pobuikiph's Antique Armour Shop.
  6670 | D:7      | Bought a glowing large shield for 180 gold pieces
  6670 | D:7      | Bought a pair of gloves for 108 gold pieces
  6786 | D:7      | Found a staircase to the Ecumenical Temple.
  6808 | D:8      | Found Xiom's Antique Armour Boutique.
  6841 | D:8      | Reached skill level 11 in Fighting
  6841 | D:8      | Gained mutation: You regenerate a little health from kills. [demonic ancestry]
  6841 | D:8      | Reached XP level 9. HP: 23/81 MP: 9/11
  6841 | D:8      | Reached skill level 1 in Shields
  7285 | D:8      | Found a staircase to the Lair.
  7354 | D:8      | Found a burning altar of Makhleb.
  7666 | D:8      | Noticed a two-headed hydra
  7916 | D:8      | Killed a two-headed hydra
  8015 | D:8      | Reached skill level 5 in Invocations
  8296 | D:8      | Reached skill level 5 in Dodging
  8405 | D:9      | Reached ** piety under Qazlal
  8463 | D:9      | Noticed a troll
  8479 | D:9      | Killed a troll
  8479 | D:9      | Reached XP level 10. HP: 47/87 MP: 14/14
  8634 | D:9      | Found a shimmering altar of Xom.
  8847 | D:9      | Found Axilinte's Food Emporium.
  8866 | D:10     | Entered Level 10 of the Dungeon
  8954 | D:10     | Found a portal to a secret trove of treasure.
  9092 | D:10     | Noticed a two-headed ogre
  9094 | D:10     | Reached *** piety under Qazlal
  9102 | D:10     | Killed a two-headed ogre
  9102 | D:10     | Reached skill level 5 in Armour
  9438 | D:10     | Noticed Nergalle
  9455 | D:10     | Killed Nergalle
  9455 | D:10     | Reached skill level 5 in Shields
  9478 | D:10     | Noticed Harold
  9498 | D:10     | Killed Harold
  9708 | D:10     | Noticed Grum
  9982 | D:10     | Killed Grum
 10149 | D:10     | Found a staircase to the Orcish Mines.
 10305 | D:10     | Reached XP level 11. HP: 70/93 MP: 17/17
 10397 | D:10     | Noticed Urug
 10425 | D:10     | Killed Urug
 10730 | D:11     | Noticed a cyan ugly thing
 10751 | D:11     | Killed a cyan ugly thing
 11061 | D:11     | Reached **** piety under Qazlal
 11166 | D:11     | Paralysed by a hornet for 3 turns
 11169 | D:11     | Reached skill level 1 in Long Blades
 11360 | D:11     | Slain by a manticore

Vault maps used:
D:1:      giann_forest_graveyard
D:2:      minitemple, elyvilon_altar_1
D:3:      cheibriados_altar_1, marbit_many_paths, grunt_qazlal_clouds
D:4:      cheibrodos_helix_gallery, nicolae_overflow_hidden_temple,
          lemuel_crystal_altar, serial_shops, nicolae_shop_overgrown_old_shop,
          uniq_edmund, uniq_natasha, uniq_ijyb
D:5:      xom_butterflies, first_ration, fedhas_altar_2, uniq_menkaure,
          uniq_grinder
D:6:      kennysheep_mini_moat, gammafunk_temple_overflow_elements
D:7:      hangedman_ru_absence, minmay_temple_entry_statues, serial_shops, shop
D:8:      demons_altar, dpeg_oklobed_lair, serial_shops, shop_fountains,
          hangedman_ranch
D:9:      serial_shops, nicolae_shop_competitors_out_of_business,
          xom_teletrap_fun
D:10:     erik_orc_1, enter_trove_0, uniq_harold, uniq_urug, uniq_nergalle,
          uniq_grum

Skill      XL: |  1  2  3  4  5  6  7  8  9 10 11 |
---------------+----------------------------------+-----
Fighting       | 3 4 5 6 7 9 11 | 11.0
Armour         | 1 4 5 6 |  6.4
Dodging        | 3 5 6 7 |  7.1
Invocations    | 2 6 8 9 |  9.0
Shields        | 3 5 6 |  6.2
Long Blades    | 1 |  1.4
Axes           | |  2.6
Throwing       | |  1.7

Action                   |  1- 3 |  4- 6 |  7- 9 | 10-12 || total
-------------------------+-------+-------+-------+-------++-------
Melee: War axe           |   103 |       |       |       ||   103
       Dagger            |    11 |   183 |   259 |       ||   453
       Whip              |       |       |   158 |   321 ||   479
       Double sword      |       |       |       |   112 ||   112
Evoke: Wand              |       |       |     4 |       ||     4
  Use: Potion            |       |       |     3 |     2 ||     5
       Scroll            |       |       |     3 |     4 ||     7
 Stab: Sleeping          |       |     2 |       |       ||     2
       Distracted        |       |     2 |     4 |     1 ||     7
  Eat: Chunk             |     2 |     7 |    12 |     8 ||    29
       Ration            |       |       |     1 |     2 ||     3
Armor: Leather armour    |    41 |    41 |    84 |    74 ||   240
Dodge: Dodged            |    93 |   101 |   182 |   128 ||   504
Block: Other             |    11 |    29 |    48 |       ||    88
       Large shield      |       |       |   221 |   537 ||   758
       Rpst.: Double sword |       |       |       |    12 ||    12

Table legend:
 A = Spawn XP
 B = Non-spawn XP
 C = Spawn XP percentage of total XP
 D = Spawn monster count
 E = Non-spawn monster count
 F = Spawn count percentage of total count
 G = Total turns spent on level
                    A         B        C        D         E        F      G
               +---------+---------+-------+---------+---------+-------+---------
         Total |       0 |   14396 |   0.0 |       0 |     260 |   0.0 | 11360
               +---------+---------+-------+---------+---------+-------+---------
           D:1 |       0 |      36 |   0.0 |       0 |      23 |   0.0 |   840
           D:2 |       0 |      66 |   0.0 |       0 |      18 |   0.0 |   856
           D:3 |       0 |      90 |   0.0 |       0 |      30 |   0.0 |  1161
           D:4 |       0 |     629 |   0.0 |       0 |      19 |   0.0 |  1271
           D:5 |       0 |     435 |   0.0 |       0 |       5 |   0.0 |   980
           D:6 |       0 |     435 |   0.0 |       0 |       8 |   0.0 |  1101
           D:7 |       0 |     871 |   0.0 |       0 |      20 |   0.0 |  1045
           D:8 |       0 |    2566 |   0.0 |       0 |      34 |   0.0 |  1140
           D:9 |       0 |    1135 |   0.0 |       0 |      28 |   0.0 |   974
          D:10 |       0 |    5800 |   0.0 |       0 |      46 |   0.0 |  1548
          D:11 |       0 |    2333 |   0.0 |       0 |      29 |   0.0 |   444
               +---------+---------+-------+---------+---------+-------+---------
